[Event "FIDE Open A - Konik"]
[Site "?"]
[Date "2013.05.04"]
[Round "7.6"]
[White "Nowak, Maciej"]
[Black "Kufa, Pavel"]
[Result "1/2-1/2"]
[ECO "A52"]
[WhiteElo "1975"]
[BlackElo "2214"]
[PlyCount "47"]
[EventDate "2013.??.??"]
[TimeControl "6000+1925"]
[WhiteClock "0:34:52"]
[BlackClock "0:24:26"]

1. d4 Nf6 2. c4 e5 3. dxe5 Ng4 4. Bf4 Nc6 5. Nf3 Bb4+ 6. Nbd2 Qe7 7. e3 Ngxe5
8. Nxe5 Nxe5 9. Be2 f6 10. O-O Bxd2 11. Qxd2 d6 12. Rac1 b6 13. b4 Bb7 14. c5
dxc5 15. bxc5 Rd8 16. Qc3 O-O 17. Rfd1 Rxd1+ 18. Bxd1 h6 19. h3 Rd8 20. Bb3+
Bd5 21. cxb6 cxb6 22. Bxe5 fxe5 23. Bxd5+ Rxd5 24. Qc8+ 1/2-1/2

[Event "FIDE Open A - Konik"]
[Site "?"]
[Date "2013.05.04"]
[Round "7.7"]
[White "Zidek, Václav"]
[Black "Maltsev, Leonid"]
[Result "1-0"]
[ECO "A83"]
[WhiteElo "2190"]
[BlackElo "1989"]
[PlyCount "41"]
[EventDate "2013.??.??"]
[TimeControl "6000+995"]
[WhiteClock "0:39:47"]
[BlackClock "0:17:53"]

1. d4 f5 2. e4 fxe4 3. Nc3 Nf6 4. Bg5 Nc6 5. d5 Ne5 6. Qe2 c6 7. O-O-O cxd5 8.
Nxd5 Nf7 9. Bxf6 gxf6 10. Qc4 Bh6+ 11. Kb1 O-O 12. Nc7 b5 13. Qc3 Rb8 14. Ne6
Qb6 15. Qg3+ Kh8 16. Nxf8 Bxf8 17. f3 e3 18. Bd3 Bg7 19. Qh4 h6 20. Qe4 Ng5 21.
Qxe7 1-0

[Event "FIDE Open A - Konik"]
[Site "?"]
[Date "2013.05.04"]
[Round "7.8"]
[White "Mrva, Vladimir"]
[Black "Závesický, Petr"]
[Result "1-0"]
[ECO "C46"]
[WhiteElo "2185"]
[BlackElo "1978"]
[PlyCount "151"]
[EventDate "2013.??.??"]
[TimeControl "6000+1110"]
[WhiteClock "0:01:27"]
[BlackClock "0:11:47"]

1. e4 e5 2. Nf3 Nc6 3. Nc3 g6 4. d4 exd4 5. Nd5 Bg7 6. Bg5 Nce7 7. Nxd4 c6 8.
Nxe7 Nxe7 9. Qd2 h6 10. Be3 d5 11. f3 dxe4 12. fxe4 O-O 13. c3 c5 14. Nb5 Qxd2+
15. Kxd2 b6 16. Kc2 Bb7 17. Nd6 Bc6 18. Bb5 Rfd8 19. Bxc6 Nxc6 20. Rad1 Rd7 21.
Bf4 Be5 22. Bxe5 Nxe5 23. Nb5 a6 24. Rxd7 Nxd7 25. Nc7 Ra7 26. Nd5 Kg7 27. Rf1
Ra8 28. Nc7 Ra7 29. Nd5 Rb7 30. b3 Rb8 31. Kd2 Rb7 32. h3 h5 33. Ke3 Rb8 34.
Nc7 Rc8 35. Nd5 Rc6 36. Rd1 Rd6 37. Rd2 f6 38. c4 Kf7 39. Rf2 Kg7 40. Nc7 Rd1
41. Nxa6 Ne5 42. Rd2 Re1+ 43. Re2 Rd1 44. Nc7 Rd3+ 45. Kf2 Kf7 46. Nd5 Nd7 47.
Ke1 Rd4 48. Nc3 Ke6 49. Nd1 Ne5 50. Nf2 Nd3+ 51. Nxd3 Rxd3 52. Rd2 Re3+ 53. Re2
Rd3 54. Rd2 Re3+ 55. Kf2 Rxe4 56. Kf3 Re1 57. Rd8 Rf1+ 58. Ke2 Ra1 59. Ra8 Ke5
60. Ra6 g5 61. a4 Ra2+ 62. Kf3 f5 63. Rxb6 g4+ 64. hxg4 hxg4+ 65. Kg3 f4+ 66.
Kxg4 Rxg2+ 67. Kf3 Rg3+ 68. Kf2 Rh3 69. a5 Rh2+ 70. Kf3 Ra2 71. a6 Ra3 72. Kg4
Ke4 73. Re6+ Kd3 74. Kxf4 Kd2 75. Rb6 Kd3 76. Ke5 1-0

[Event "FIDE Open A - Konik"]
[Site "?"]
[Date "2013.05.04"]
[Round "7.9"]
[White "Kapusta, Petr"]
[Black "Richterová, Natasa"]
[Result "0-1"]
[ECO "B03"]
[WhiteElo "2165"]
[BlackElo "1954"]
[PlyCount "148"]
[EventDate "2013.??.??"]
[TimeControl "6000+1720"]
[WhiteClock "0:01:16"]
[BlackClock "0:07:00"]

1. e4 Nf6 2. e5 Nd5 3. d4 d6 4. c4 Nb6 5. exd6 cxd6 6. Nc3 g6 7. Be3 Bg7 8. Rc1
O-O 9. b3 Bf5 10. Be2 d5 11. c5 Nc8 12. Nf3 Nc6 13. O-O Bg4 14. Re1 Bxf3 15.
Bxf3 e6 16. Qd2 N8e7 17. Nb5 Nf5 18. Bg5 Qd7 19. Bg4 Ncxd4 20. Nxd4 Nxd4 21.
Bh6 Bxh6 22. Qxh6 f5 23. Bd1 Rfe8 24. Qd2 Qg7 25. f4 Rad8 26. b4 a6 27. Ba4 Nc6
28. Bxc6 bxc6 29. Re5 Qb7 30. Rce1 Kf7 31. Qd4 Rb8 32. a3 Re7 33. h3 h5 34. g4
hxg4 35. hxg4 fxg4 36. Rg5 Rg8 37. Rxg4 a5 38. Rh4 Ke8 39. Qf6 Rf8 40. Qxg6+
Kd8 41. Qg5 Kc8 42. Rh6 Rg7 43. Rg6 Rxg6 44. Qxg6 Qf7 45. Qxe6+ Qxe6 46. Rxe6
Kd7 47. Rd6+ Kc7 48. bxa5 Rxf4 49. Rh6 Ra4 50. Rh7+ Kb8 51. Rh3 Rxa5 52. Rc3
Ra4 53. Kf2 Re4 54. Rb3+ Kc7 55. Rc3 Kd7 56. Kf3 Re1 57. Kf4 Ke6 58. Rh3 Re4+
59. Kf3 Rc4 60. Rh6+ Kd7 61. Rh7+ Kc8 62. Ke3 Rxc5 63. Kd4 Rb5 64. Ke5 Rb7 65.
Rh3 Kc7 66. Rh4 Rb1 67. Rh7+ Kb6 68. Kd6 Rg1 69. Rh6 Rg5 70. Rh1 d4 71. Rb1+
Rb5 72. Rd1 Rd5+ 73. Ke6 d3 74. Rb1+ Ka5 0-1

[Event "FIDE Open A - Konik"]
[Site "?"]
[Date "2013.05.04"]
[Round "7.10"]
[White "Ockay, Tomás"]
[Black "Kondula, Lukás"]
[Result "1-0"]
[ECO "A06"]
[WhiteElo "2146"]
[BlackElo "1968"]
[PlyCount "31"]
[EventDate "2013.??.??"]
[TimeControl "6000+945"]
[WhiteClock "1:10:20"]
[BlackClock "1:21:09"]

1. Nf3 d5 2. b3 Nf6 3. Bb2 e6 4. c4 Be7 5. g3 O-O 6. Bg2 c5 7. O-O Nc6 8. cxd5
exd5 9. d4 Ne4 10. dxc5 Bf6 11. Qc1 d4 12. Nbd2 Nc3 13. Bxc3 dxc3 14. Ne4 Nd4
15. Nxd4 Be5 16. Nf3 1-0

[Event "FIDE Open A - Konik"]
[Site "?"]
[Date "2013.05.04"]
[Round "7.11"]
[White "Chlevistan, Jakub"]
[Black "Záleský, Karel"]
[Result "1/2-1/2"]
[ECO "A35"]
[WhiteElo "2075"]
[BlackElo "2100"]
[PlyCount "124"]
[EventDate "2013.??.??"]
[TimeControl "6000+790"]
[WhiteClock "0:11:57"]
[BlackClock "0:01:35"]

1. Nf3 Nf6 2. c4 c5 3. Nc3 Nc6 4. d4 cxd4 5. Nxd4 d6 6. g3 Nxd4 7. Qxd4 Bd7 8.
Bg2 Bc6 9. Nd5 e6 10. Nxf6+ Qxf6 11. Qxf6 gxf6 12. O-O f5 13. Rd1 Rc8 14. b3 h5
15. Ba3 Bxg2 16. Kxg2 Kd7 17. Rd4 Kc7 18. Rad1 Rd8 19. f3 Be7 20. e4 fxe4 21.
fxe4 Rhg8 22. R4d3 e5 23. Rf1 Rg7 24. Rdf3 f6 25. h3 Kd7 26. Rd1 Ke6 27. Rfd3
b6 28. c5 bxc5 29. Bxc5 Rgg8 30. Ba3 Rgf8 31. g4 hxg4 32. hxg4 Rd7 33. Rc1 Rb8
34. Rc6 Rb6 35. Rxb6 axb6 36. Bb4 Rc7 37. Kf3 Rc1 38. Rd2 Rf1+ 39. Rf2 Rh1 40.
Rg2 Bf8 41. Bd2 d5 42. exd5+ Kxd5 43. Be3 e4+ 44. Ke2 Ra1 45. Bxb6 Rxa2+ 46.
Kf1 Ra1+ 47. Ke2 Rb1 48. Bd8 Ke6 49. Rf2 Bg7 50. Ke3 Rd1 51. Bb6 Rg1 52. Kxe4
Rxg4+ 53. Rf4 Rg5 54. b4 Rg3 55. Bc5 Bh6 56. Rf1 f5+ 57. Kd4 Rg4+ 58. Kd3 Bf4
59. b5 Kd5 60. Be3 Bxe3 61. Kxe3 Rg3+ 62. Kf4 Rb3 1/2-1/2

[Event "FIDE Open A - Konik"]
[Site "?"]
[Date "2013.05.04"]
[Round "7.12"]
[White "Snyta, Zdenek"]
[Black "Miculka, David"]
[Result "0-1"]
[ECO "B11"]
[WhiteElo "2081"]
[BlackElo "1877"]
[PlyCount "62"]
[EventDate "2013.??.??"]
[TimeControl "6000+1295"]
[WhiteClock "0:19:23"]
[BlackClock "0:30:52"]

1. e4 c6 2. Nc3 d5 3. Nf3 Bg4 4. h3 Bxf3 5. Qxf3 e6 6. g3 Nf6 7. Bg2 Nbd7 8.
exd5 exd5 9. O-O Be7 10. d4 O-O 11. g4 Qc7 12. g5 Ne8 13. Re1 Bd6 14. h4 g6 15.
h5 Ng7 16. h6 Nf5 17. Qd3 f6 18. Re6 Rae8 19. Rxe8 Rxe8 20. Bd2 fxg5 21. Bxg5
Bh2+ 22. Kh1 Bf4 23. Nxd5 cxd5 24. Bxf4 Qxf4 25. Qb5 Qxh6+ 26. Kg1 Nf6 27.
Bxd5+ Kg7 28. Bg2 Re7 29. Qb4 Ng4 30. Re1 Rf7 31. d5 Qh2+ 0-1

[Event "FIDE Open A - Konik"]
[Site "?"]
[Date "2013.05.04"]
[Round "7.13"]
[White "Dostál, Radim"]
[Black "Trombík, Karel"]
[Result "1/2-1/2"]
[ECO "B63"]
[WhiteElo "2036"]
[BlackElo "2065"]
[PlyCount "85"]
[EventDate "2013.??.??"]
[TimeControl "6000+1660"]
[WhiteClock "0:21:48"]
[BlackClock "0:35:36"]

1. e4 c5 2. Nf3 d6 3. d4 cxd4 4. Nxd4 Nf6 5. Nc3 Nc6 6. Bg5 e6 7. Qd2 Be7 8.
O-O-O d5 9. exd5 Nxd5 10. Nxd5 Bxg5 11. Nc7+ Qxc7 12. Qxg5 Nxd4 13. Rxd4 O-O
14. Bd3 f5 15. Rd1 Qxh2 16. Rh4 h6 17. Qxh6 gxh6 18. Rxh2 Kg7 19. f4 Rf7 20.
Rdh1 Rf6 21. Rh4 Rg6 22. g4 Rxg4 23. Rxh6 Rxf4 24. Rh7+ Kg6 25. Rh8 e5 26. Rg8+
Kf6 27. Rhh8 e4 28. Be2 Rf2 29. Kd1 f4 30. Rxc8 Rxc8 31. Rxc8 f3 32. Bb5 a6 33.
Ke1 Rh2 34. Bf1 Ke5 35. Rc4 b5 36. Rb4 Rxc2 37. a4 e3 38. Kd1 Rd2+ 39. Kc1 Rf2
40. Bd3 e2 41. Kd2 bxa4 42. Rxa4 Rf1 43. Bxe2 1/2-1/2

[Event "FIDE Open A - Konik"]
[Site "?"]
[Date "2013.05.04"]
[Round "7.14"]
[White "Dobes, Ludek"]
[Black "Ling, Bronislav"]
[Result "1-0"]
[ECO "E68"]
[WhiteElo "2064"]
[BlackElo "2003"]
[PlyCount "70"]
[EventDate "2013.??.??"]
[TimeControl "6000+705"]
[WhiteClock "0:15:54"]
[BlackClock "0:35:16"]

1. d4 Nf6 2. Nf3 g6 3. g3 Bg7 4. Bg2 O-O 5. O-O d6 6. c4 Nbd7 7. Nc3 e5 8. e4
exd4 9. Nxd4 c6 10. b3 Re8 11. Bb2 Qc7 12. Qc2 a5 13. a3 Nc5 14. b4 Ne6 15.
Nxe6 Bxe6 16. Na4 axb4 17. axb4 Rad8 18. h3 Nd7 19. Bxg7 Kxg7 20. f4 f6 21. Kh2
Nb6 22. Nb2 Ra8 23. Qc3 h5 24. h4 Qf7 25. c5 dxc5 26. bxc5 Nc4 27. f5 gxf5 28.
Rxa8 Rxa8 29. Nxc4 Bxc4 30. Rxf5 Be6 31. Rf2 Kg6 32. e5 f5 33. Qd2 Qe7 34. Qf4
Ra5 35. Bh3 Ra2 1-0

[Event "FIDE Open A - Konik"]
[Site "?"]
[Date "2013.05.04"]
[Round "7.15"]
[White "Stehlík, Jiri"]
[Black "Marek, Matyás"]
[Result "1/2-1/2"]
[ECO "A36"]
[WhiteElo "1981"]
[BlackElo "2004"]
[PlyCount "62"]
[EventDate "2013.??.??"]
[TimeControl "5400+475"]
[WhiteClock "0:27:33"]
[BlackClock "0:32:56"]

1. c4 g6 2. Nc3 Bg7 3. g3 c5 4. Bg2 Nc6 5. e4 Nf6 6. Nge2 O-O 7. d3 d6 8. O-O
Ne8 9. a3 Nc7 10. Rb1 a5 11. Be3 Ne6 12. b3 Rb8 13. Nb5 Ned4 14. Nec3 f5 15. f4
Be6 16. Qd2 Bf7 17. Rfe1 e6 18. Bf2 h6 19. Ne2 e5 20. Nbxd4 Nxd4 21. Nxd4 cxd4
22. b4 fxe4 23. Bxe4 exf4 24. gxf4 axb4 25. axb4 Qf6 26. Bg3 h5 27. h4 Bh6 28.
Rf1 Be6 29. Qg2 Bf5 30. Rbe1 Kh8 31. b5 b6 1/2-1/2

[Event "FIDE Open A - Konik"]
[Site "?"]
[Date "2013.05.04"]
[Round "7.16"]
[White "Omamík, Pavel"]
[Black "Kuciel, Wladyslaw"]
[Result "1-0"]
[ECO "B23"]
[WhiteElo "2076"]
[BlackElo "2033"]
[PlyCount "84"]
[EventDate "2013.??.??"]
[TimeControl "6000+730"]
[WhiteClock "0:00:50"]
[BlackClock "0:13:58"]

1. e4 c5 2. Nc3 Nc6 3. f4 d6 4. Bc4 Nf6 5. d3 e6 6. Nf3 Be7 7. O-O a6 8. a4 O-O
9. Qe1 d5 10. Ba2 b5 11. e5 Nd7 12. Bb1 b4 13. Ne2 f6 14. exf6 Bxf6 15. c3 a5
16. d4 Ba6 17. Rf2 Qe7 18. Be3 c4 19. Ne5 Bxe5 20. dxe5 bxc3 21. bxc3 Rab8 22.
Rf3 g6 23. Qf2 Rb2 24. Bc1 Rb7 25. Ba3 Rxb1+ 26. Rxb1 Qxa3 27. Nd4 Nxd4 28.
cxd4 Qxa4 29. g4 Qc6 30. h4 Rf7 31. h5 gxh5 32. gxh5 c3 33. Kh2 Kf8 34. Rc1 a4
35. Rcxc3 Bc4 36. Rg3 Ke8 37. Rg8+ Nf8 38. Qb2 Qb7 39. Qa3 Qa7 40. Qd6 Qd7 41.
Qb6 Re7 42. Qb8+ Kf7 1-0

[Event "FIDE Open A - Konik"]
[Site "?"]
[Date "2013.05.04"]
[Round "8.1"]
[White "Simantsev, Mikhail"]
[Black "Dolezal, Radoslav"]
[Result "1/2-1/2"]
[ECO "D45"]
[WhiteElo "2449"]
[BlackElo "2358"]
[PlyCount "117"]
[EventDate "2013.??.??"]
[TimeControl "6000+1475"]
[WhiteClock "0:06:26"]
[BlackClock "0:15:51"]

1. d4 Nf6 2. c4 e6 3. Nc3 d5 4. Nf3 c6 5. e3 Be7 6. Qc2 O-O 7. Bd3 dxc4 8. Bxc4
c5 9. dxc5 Bxc5 10. O-O Nc6 11. a3 Bd7 12. b4 Bd6 13. Ne4 Nxe4 14. Qxe4 Qe7 15.
Rd1 Rad8 16. Bb2 a6 17. Rac1 Bb8 18. h4 f5 19. Qc2 h6 20. Rd2 Kh8 21. Rcd1 e5
22. Qc3 Bc8 23. Rxd8 Rxd8 24. Rxd8+ Qxd8 25. Bxa6 Qc7 26. Bb5 e4 27. Ne1 Qh2+
28. Kf1 Be5 29. Qc5 Bxb2 30. Qf8+ Kh7 31. Qxc8 Ne7 32. Qc2 Bf6 33. g3 Nd5 34.
Qc5 Qh1+ 35. Ke2 Nc3+ 36. Kd2 g6 37. Qc4 Qh2 38. Nc2 Qxf2+ 39. Kc1 Qxg3 40. h5
Qg1+ 41. Qf1 Qxf1+ 42. Bxf1 gxh5 43. Kb2 h4 44. Kb3 Nd1 45. a4 Bg5 46. Bh3 Kg6
47. Nd4 Bxe3 48. Nxf5 Ba7 49. Nxh4+ Kg5 50. Ng2 Nf2 51. Bc8 b6 52. Kc4 h5 53.
Kb5 h4 54. Ka6 Bb8 55. Kxb6 Ng4 56. Nxh4 Kxh4 57. Bf5 e3 58. Bd3 Ne5 59. Bb5
1/2-1/2

[Event "FIDE Open A - Konik"]
[Site "?"]
[Date "2013.05.04"]
[Round "8.2"]
[White "Berzinsh, Roland"]
[Black "Hausner, Ivan"]
[Result "1-0"]
[ECO "B07"]
[WhiteElo "2411"]
[BlackElo "2395"]
[PlyCount "149"]
[EventDate "2013.??.??"]
[TimeControl "6000+790"]
[WhiteClock "0:02:41"]
[BlackClock "1:22:04"]

1. e4 d6 2. d4 Nf6 3. Nc3 c6 4. f4 Qa5 5. Bd3 e5 6. Nf3 Bg4 7. Be3 Nbd7 8. O-O
Be7 9. h3 Bxf3 10. Qxf3 exd4 11. Bxd4 O-O 12. Kh1 Bd8 13. a3 Bb6 14. Bxf6 Nxf6
15. e5 dxe5 16. b4 e4 17. bxa5 exf3 18. axb6 fxg2+ 19. Kxg2 axb6 20. Rfb1 Nd7
21. Bf5 Rfd8 22. Rd1 Nc5 23. Rxd8+ Rxd8 24. Rd1 Re8 25. Rd4 g6 26. Bd3 b5 27.
Ne4 Nxe4 28. Rxe4 Ra8 29. Re7 Ra7 30. Rd7 Kf8 31. Kf3 Rxa3 32. Rxb7 c5 33. Ke2
c4 34. Be4 Rxh3 35. Bd5 Rh2+ 36. Ke3 Rxc2 37. Rxf7+ Ke8 38. Rb7 c3 39. Rxb5 Rh2
40. Kd4 Ke7 41. Rb7+ Kd6 42. Rb6+ Ke7 43. Re6+ Kd7 44. Kxc3 Rf2 45. Re4 Kd6 46.
Be6 Ke7 47. Kd3 Kf6 48. Ke3 Rf1 49. Ke2 Ra1 50. Kf2 Ra3 51. Bd7 Ra7 52. Rd4 Ra3
53. Rd6+ Ke7 54. Rd5 Kf6 55. Bg4 Ra7 56. Rd6+ Ke7 57. Rb6 Kf7 58. Kg3 Kg7 59.
Bf3 Ra5 60. Rb7+ Kh6 61. Be4 Rc5 62. Rd7 Rc3+ 63. Kg4 Rc4 64. Bd5 Rc8 65. Kf3
Re8 66. Bf7 Rb8 67. Rc7 Kg7 68. Bc4+ Kh6 69. Re7 Rc8 70. Bd5 Rh8 71. Ke4 Kh5
72. Ke5 Kg4 73. Be6+ Kg3 74. Rg7 Kf3 75. Rg8 1-0

[Event "FIDE Open A - Konik"]
[Site "?"]
[Date "2013.05.04"]
[Round "8.3"]
[White "Krejci, Jan"]
[Black "Heinzel, Olaf"]
[Result "1/2-1/2"]
[ECO "A58"]
[WhiteElo "2491"]
[BlackElo "2371"]
[PlyCount "120"]
[EventDate "2013.??.??"]
[TimeControl "6000+1040"]
[WhiteClock "0:16:37"]
[BlackClock "0:10:00"]

1. d4 Nf6 2. c4 c5 3. d5 b5 4. cxb5 a6 5. bxa6 Bxa6 6. Nc3 d6 7. Nf3 g6 8. e4
Bxf1 9. Kxf1 Bg7 10. h3 O-O 11. Kg1 Nbd7 12. Kh2 Qa5 13. Re1 Rfb8 14. Re2 Rb7
15. Rc2 Rb4 16. a3 Ne8 17. Qe2 Qa6 18. Qxa6 Rxa6 19. axb4 Rxa1 20. bxc5 Nxc5
21. Be3 Nd3 22. Bd4 Nb4 23. Re2 Nc7 24. Bxg7 Kxg7 25. Nd4 e5 26. Nc2 Nxc2 27.
Rxc2 Kf6 28. Kg3 Ke7 29. Kf3 f5 30. Ke3 fxe4 31. Kxe4 Na6 32. Kf3 Nb4 33. Rd2
Ra8 34. g3 Rf8+ 35. Ke4 Rc8 36. Rd1 Rc4+ 37. Kf3 Nc2 38. Ke2 Rb4 39. Rb1 Rb3
40. Kd3 Nd4 41. Kc4 Kd7 42. Ne4 h5 43. h4 Kc7 44. Nd2 Rb8 45. b4 Ra8 46. Rb2
Kb6 47. Ne4 Nb5 48. Kd3 Ra1 49. Kd2 Na3 50. Ke2 Nc4 51. Rb3 Ra2+ 52. Kd1 Ra1+
53. Kc2 Ra2+ 54. Kc3 Re2 55. Kxc4 Rxe4+ 56. Kc3 Kb5 57. Ra3 Rc4+ 58. Kd3 Rd4+
59. Ke3 Kxb4 60. Ra8 Kc4 1/2-1/2

[Event "FIDE Open A - Konik"]
[Site "?"]
[Date "2013.05.04"]
[Round "8.4"]
[White "Plát, Vojtech"]
[Black "Firt, Stanislav"]
[Result "1/2-1/2"]
[ECO "C03"]
[WhiteElo "2463"]
[BlackElo "2260"]
[PlyCount "125"]
[EventDate "2013.??.??"]
[TimeControl "6000+715"]
[WhiteClock "0:23:59"]
[BlackClock "0:04:17"]

1. e4 e6 2. d4 d5 3. Nd2 Be7 4. Bd3 c5 5. dxc5 Nf6 6. Qe2 Nc6 7. Ngf3 Bxc5 8.
e5 Nd7 9. Nb3 Be7 10. h4 Nb4 11. Bg5 h6 12. Bxe7 Qxe7 13. Nbd4 a6 14. g4 Nc5
15. a3 Nbxd3+ 16. cxd3 Bd7 17. Rc1 O-O 18. g5 h5 19. Kf1 a5 20. Kg2 a4 21. Rc3
b6 22. Rhc1 g6 23. Nh2 Rfc8 24. Qe3 Qd8 25. Nf1 Ra7 26. Nd2 Rac7 27. f3 Be8 28.
f4 Kh7 29. R1c2 Kg8 30. Nf1 Kh7 31. Ng3 Kg8 32. Nge2 Kh7 33. Kh2 Kg8 34. f5
exf5 35. Nf4 Qd7 36. Kg3 Rb8 37. Qf3 Rd8 38. Kh2 Ra7 39. Rf2 Qe7 40. Qe3 Qd7
41. Qe2 Rb7 42. Nxh5 gxh5 43. Nxf5 d4 44. Rc1 Qd5 45. Nh6+ Kg7 46. Rcf1 Bc6 47.
Rxf7+ Rxf7 48. Rxf7+ Kh8 49. Rf1 Re8 50. g6 Re7 51. Rf8+ Kg7 52. Rg8+ Qxg8 53.
Nxg8 Kxg8 54. Qxh5 Nxd3 55. Kg3 Be8 56. Qh6 Bxg6 57. h5 Be4 58. Qf6 Rg7+ 59.
Kh4 Ne1 60. h6 Nf3+ 61. Kh3 Rg5 62. h7+ Kxh7 63. Qf7+ 1/2-1/2

[Event "FIDE Open A - Konik"]
[Site "?"]
[Date "2013.05.04"]
[Round "8.5"]
[White "Orzechowski, Jacek"]
[Black "Plischki, Sebastian"]
[Result "1/2-1/2"]
[ECO "A20"]
[WhiteElo "2219"]
[BlackElo "2389"]
[PlyCount "85"]
[EventDate "2013.??.??"]
[TimeControl "6000+1360"]
[WhiteClock "0:23:00"]
[BlackClock "0:33:03"]

1. c4 e5 2. g3 Nf6 3. Bg2 c6 4. d4 Bb4+ 5. Bd2 Bxd2+ 6. Qxd2 d6 7. Nc3 O-O 8.
e3 Be6 9. d5 cxd5 10. cxd5 Bd7 11. Nge2 Na6 12. O-O b5 13. b4 Nxb4 14. Rfb1 Na6
15. Nxb5 Bxb5 16. Rxb5 Nc5 17. Rab1 Qc7 18. Qb4 Nfd7 19. Qc4 Rab8 20. Qc2 Rxb5
21. Rxb5 Rb8 22. Qb1 g6 23. Rxb8+ Qxb8 24. Qxb8+ Nxb8 25. Nc3 a6 26. f4 Nbd7
27. Kf2 f5 28. h3 e4 29. Bf1 Nb6 30. g4 Kf7 31. g5 Ke7 32. Ke1 a5 33. Bb5 Na8
34. Kd2 Nc7 35. Be2 Nd7 36. Bc4 Nb6 37. Bb3 Na6 38. h4 Nc5 39. Bc2 Nc4+ 40. Ke2
Nb2 41. Kd2 Nc4+ 42. Ke2 Nb2 43. Kd2 1/2-1/2

[Event "FIDE Open A - Konik"]
[Site "?"]
[Date "2013.05.04"]
[Round "8.6"]
[White "Nguyen, Thai Dai Van"]
[Black "Michenka, Jozef"]
[Result "0-1"]
[ECO "E04"]
[WhiteElo "2132"]
[BlackElo "2355"]
[PlyCount "70"]
[EventDate "2013.??.??"]
[TimeControl "6000+1740"]
[WhiteClock "0:01:39"]
[BlackClock "0:03:32"]

1. d4 Nf6 2. c4 e6 3. g3 d5 4. Nf3 dxc4 5. Bg2 Bb4+ 6. Bd2 a5 7. O-O O-O 8. Bg5
b5 9. Ne5 Ra6 10. a4 c6 11. Nc3 h6 12. Bxf6 gxf6 13. Nf3 Rb6 14. e4 Bb7 15. Nh4
Kh7 16. Qh5 Qxd4 17. Bh3 Bc8 18. axb5 Qe5 19. Qf3 cxb5 20. Rfd1 Bxc3 21. bxc3
Bb7 22. Rd4 Qg5 23. Qe2 Rg8 24. Kf1 b4 25. f4 Qc5 26. e5 bxc3 27. Nf5 Qc6 28.
Qh5 Qh1+ 29. Kf2 Qxh2+ 30. Ke1 Rg6 31. Nxh6 Qxg3+ 32. Kf1 Bg2+ 33. Bxg2 Qxg2+
34. Ke1 Qg1+ 35. Ke2 Rb2+ 0-1

[Event "FIDE Open A - Konik"]
[Site "?"]
[Date "2013.05.04"]
[Round "8.7"]
[White "Zabystrzan, Pavel"]
[Black "Kubeczka, Ales"]
[Result "1-0"]
[ECO "A06"]
[WhiteElo "2308"]
[BlackElo "2032"]
[PlyCount "71"]
[EventDate "2013.??.??"]
[TimeControl "6000+705"]
[WhiteClock "0:16:16"]
[BlackClock "0:21:47"]

1. Nf3 d5 2. g3 c6 3. Bg2 Bg4 4. d3 e6 5. b3 Qf6 6. c3 Bd6 7. Qc2 Nd7 8. Nbd2
Bxf3 9. Nxf3 Ne5 10. Nxe5 Bxe5 11. Bb2 Ne7 12. e4 Bc7 13. O-O Bb6 14. a4 a5 15.
Ba3 g5 16. Rae1 d4 17. c4 Ng6 18. b4 Ne5 19. b5 c5 20. f4 Ng4 21. h3 Nh6 22.
Bc1 Qg7 23. fxg5 Bc7 24. Bf4 Bxf4 25. gxf4 Ng8 26. Rf3 O-O-O 27. h4 h6 28. Rg3
b6 29. Qf2 Ne7 30. f5 Qe5 31. Rf1 hxg5 32. hxg5 Rh4 33. g6 fxg6 34. f6 Ng8 35.
f7 Nf6 36. Qxf6 1-0

[Event "FIDE Open A - Konik"]
[Site "?"]
[Date "2013.05.04"]
[Round "8.8"]
[White "Jaworski, Miroslaw"]
[Black "Kubík, Michael"]
[Result "1/2-1/2"]
[ECO "E62"]
[WhiteElo "2286"]
[BlackElo "2111"]
[PlyCount "96"]
[EventDate "2013.??.??"]
[TimeControl "6000+680"]
[WhiteClock "0:36:51"]
[BlackClock "0:27:59"]

1. d4 Nf6 2. c4 d6 3. Nf3 g6 4. Nc3 Bg7 5. g3 O-O 6. Bg2 Nc6 7. O-O Bf5 8. d5
Na5 9. Nd4 Bd7 10. b3 c5 11. dxc6 bxc6 12. e3 Rb8 13. h3 c5 14. Nc2 Qc8 15. h4
Bh3 16. Bd2 Bxg2 17. Kxg2 Nc6 18. Qe2 Qb7 19. f3 e6 20. Rac1 Rfd8 21. Na4 Nd7
22. Bc3 Nce5 23. Bxe5 Nxe5 24. Ne1 Nc6 25. Nd3 Nb4 26. Nf2 f5 27. Rfd1 Nc6 28.
Rd2 Ne5 29. Nh3 h6 30. Rcd1 Qe7 31. Nb2 g5 32. hxg5 hxg5 33. Nf2 Bf6 34. Nbd3
Ng6 35. Rh1 Kg7 36. Rdd1 Rh8 37. Rxh8 Rxh8 38. Rh1 Rxh1 39. Kxh1 Qb7 40. Kg1
Be5 41. f4 gxf4 42. exf4 Bd4 43. Qxe6 Qf3 44. Qxf5 Bxf2+ 45. Nxf2 Qxg3+ 46. Kf1
Nxf4 47. Qd7+ Kg8 48. Qe8+ Kg7 1/2-1/2

[Event "FIDE Open A - Konik"]
[Site "?"]
[Date "2013.05.04"]
[Round "8.9"]
[White "Kocscak, Jiri"]
[Black "Bartos, Jan"]
[Result "1-0"]
[ECO "D45"]
[WhiteElo "2424"]
[BlackElo "2160"]
[PlyCount "79"]
[EventDate "2013.??.??"]
[TimeControl "6000+1375"]
[WhiteClock "0:02:27"]
[BlackClock "0:00:45"]

1. d4 d5 2. c4 c6 3. Nc3 Nf6 4. e3 e6 5. Nf3 Nbd7 6. Qc2 b6 7. Bd3 Bb7 8. O-O
Be7 9. cxd5 cxd5 10. Ne5 Nxe5 11. dxe5 Nd7 12. f4 h6 13. a3 O-O 14. Ne2 Nc5 15.
b4 Nxd3 16. Qxd3 Qc8 17. Nd4 Qc4 18. Qb1 a6 19. Bb2 Qc7 20. Qd3 Qd7 21. f5 Rfe8
22. fxe6 fxe6 23. Qg6 Bg5 24. Rf3 Re7 25. Raf1 Qe8 26. Qc2 Rc8 27. Qf2 h5 28.
h4 Bh6 29. b5 axb5 30. Bc3 Kh7 31. Bb4 Rec7 32. Kh2 Rc1 33. Rxc1 Rxc1 34. Rf7
Bc8 35. Qf6 Rc4 36. Nf3 Qg8 37. Qe7 Bxe3 38. Rf8 Bf4+ 39. g3 Rc2+ 40. Kh3 1-0

[Event "FIDE Open A - Konik"]
[Site "?"]
[Date "2013.05.04"]
[Round "8.10"]
[White "Zwardon, Vojech"]
[Black "Rakús, Pavel"]
[Result "1/2-1/2"]
[ECO "A18"]
[WhiteElo "2417"]
[BlackElo "2144"]
[PlyCount "115"]
[EventDate "2013.??.??"]
[TimeControl "6000+865"]
[WhiteClock "0:48:57"]
[BlackClock "0:03:44"]

1. c4 Nf6 2. Nc3 e6 3. e4 d5 4. e5 d4 5. exf6 dxc3 6. bxc3 Qxf6 7. Nf3 b6 8. d4
h6 9. g3 Bb7 10. Bg2 Bd6 11. Qd3 Nd7 12. O-O Rb8 13. a4 a5 14. Rb1 O-O 15. Re1
Rfe8 16. c5 bxc5 17. Rxb7 Rxb7 18. Ne5 c6 19. Bxc6 Bxe5 20. Bxb7 cxd4 21. f4
Bd6 22. cxd4 Bb4 23. Rd1 Rd8 24. Bc6 Nb6 25. Be3 Nd5 26. Bf2 Rd6 27. Rc1 g6 28.
Bb7 Qf5 29. Rc8+ Kg7 30. Qe2 Rb6 31. Bc6 Bd6 32. Bb5 h5 33. Bd3 Qg4 34. Qxg4
hxg4 35. Bb5 Bb4 36. Be2 f5 37. Bb5 Rd6 38. Kg2 Kf6 39. h3 gxh3+ 40. Kxh3 Bd2
41. Rf8+ Kg7 42. Ra8 Bc3 43. Ra7+ Kh6 44. Rf7 g5 45. fxg5+ Kxg5 46. Rf8 Bd2 47.
Kg2 Be3 48. Be1 Bxd4 49. Bxa5 e5 50. Rd8 Ne3+ 51. Kf3 Rh6 52. Rg8+ Kf6 53. Rf8+
Ke6 54. Bd2 e4+ 55. Kf4 Rg6 56. Re8+ Kf6 57. Rf8+ Ke6 58. Bd7+ 1/2-1/2

[Event "FIDE Open A - Konik"]
[Site "?"]
[Date "2013.05.04"]
[Round "8.11"]
[White "Karhánek, Pavel"]
[Black "Kutynec, Vladimir"]
[Result "0-1"]
[ECO "A43"]
[WhiteElo "2030"]
[BlackElo "2290"]
[PlyCount "68"]
[EventDate "2013.??.??"]
[TimeControl "6000+890"]
[WhiteClock "0:39:30"]
[BlackClock "0:41:07"]

1. d4 c5 2. c3 Nf6 3. Bf4 Qb6 4. Qc1 d5 5. e3 Bf5 6. Nf3 Nc6 7. Be2 Rc8 8. O-O
e6 9. a3 c4 10. Nbd2 h6 11. h3 Be7 12. Re1 O-O 13. Bd1 Ne4 14. Nxe4 Bxe4 15.
Nd2 Bd3 16. Bc2 Bxc2 17. Qxc2 f5 18. f3 Bf6 19. Bg3 e5 20. Bf2 e4 21. fxe4 fxe4
22. b3 cxb3 23. Nxb3 Na5 24. Nc5 Qd6 25. Rf1 Bd8 26. Kh1 b6 27. Na6 Nc4 28. a4
Bg5 29. Qe2 Rf6 30. h4 Rcf8 31. hxg5 hxg5 32. g3 Rh6+ 33. Kg2 Rf3 34. Rh1 Nxe3+
0-1